AoeStats
← ING.PATRICK

Socotra

504145528Analyzed
4v4 RM · 29d ago on Sep 4, 2026· 35m 12s· 8 players
Game mode
Random Map
Map size
148×148
Population
200
Speed
Normal
Resources
Standard
Victory
Conquest
Starting age
Dark Age
Ending age
Imperial Age
RankedLock teamsTeams togetherTeam positionsShared explorationLock speedFull tech treeHidden civsTurbo modeCheats
Victory
Defeat
🇲🇽 Khitans · Mexico
1271
+14
🇺🇸 Magyars · United States
1267
+14
🇵🇪 Saracens · Peru
1264
+14
🇧🇷 Persians · Brazil
1209
+17
🇵🇪 Khmer · Peru
1465
-25
🇻🇪 Burgundians · Venezuela
1226
-15
🇦🇷 Cumans · Argentina
1106
-10
🇦🇷 Romans · Argentina
1085
-9
Beller
7:18 Loom
9:26 Feudal Age
10:13 Town Watch
10:31 Double-Bit Axe
22:11 Castle Age
20:07 Horse Collar
20:58 Gold Mining
21:21 Bloodlines
22:49 Scale Barding Armor
23:23 Husbandry
25:09 Light Cavalry
Josua_Deere
7:53 Loom
9:49 Feudal Age
13:20 Forging
20:40 Double-Bit Axe
23:31 Castle Age
22:20 Fletching
22:32 Padded Archer Armor
22:28 Gold Mining
24:06 Heavy Cavalry Archer
25:48 Bodkin Arrow
29:17 Iron Casting
35:00 Scale Barding Armor
theblademaster
7:00 Loom
9:14 Feudal Age
12:33 Double-Bit Axe
14:31 Fletching
24:51 Castle Age
23:49 Gold Mining
23:45 Horse Collar
25:24 Crossbowman
26:22 Bow Saw
26:15 Heavy Plow
27:09 Bodkin Arrow
29:32 Ballistics
DrJet
10:47 Feudal Age
14:09 Double-Bit Axe
18:06 Castle Age
16:53 Horse Collar
18:44 Wheelbarrow
18:48 Bow Saw
25:37 Heavy Plow
25:49 Town Watch
27:14 Fletching
27:36 Padded Archer Armor
28:20 Parthian Tactics
27:58 Bodkin Arrow
28:03 Padded Archer Armor
28:25 Hand Cart
28:50 Loom
30:14 Thumb Ring
30:19 Gold Mining
31:08 Scale Barding Armor
31:54 Husbandry
32:04 Bloodlines
poteytor123
6:56 Loom
9:19 Feudal Age
11:25 Double-Bit Axe
11:39 Horse Collar
21:26 Scale Mail Armor
21:37 Forging
25:17 Castle Age
23:45 Bloodlines
23:59 Gold Mining
29:12 Imperial Age
27:19 Bow Saw
27:56 Scale Barding Armor
29:49 Chain Barding Armor
30:33 Iron Casting
29:34 Cavalier
33:53 Paladin
Horubea
1:24 Loom
9:27 Feudal Age
10:40 Town Watch
19:59 Castle Age
18:29 Double-Bit Axe
20:10 Horse Collar
21:42 Bow Saw
28:17 Scale Mail Armor
ING.PATRICK
9:02 Feudal Age
9:30 Loom
9:42 Double-Bit Axe
10:47 Forging
15:14 Wheelbarrow
15:53 Bloodlines
16:01 Scale Barding Armor
23:13 Castle Age
20:58 Horse Collar
23:16 Light Cavalry
24:33 Iron Casting
26:28 Chain Barding Armor
26:38 Bow Saw
29:29 Husbandry
34:15 Heavy Plow
Beto Casela
Connection lost

Rejoining the realm…

Still unreachable

The connection could not be restored.

Session expired

The server has moved on; the page needs a fresh start.